 Dungeon Crawl Stone Soup version 0.28.0-47-ge53b351184 (webtiles) character file.

Game seed: 9857668269799653256

114 pkoi the Insei (level 4, -3/36 HPs)
             Began as a Demigod Gladiator on May 3, 2022.
             Killed from afar by an orc wizard (7 damage)
             ... with a puff of flame
             ... on level 4 of the Dungeon.
             The game lasted 00:03:33 (3629 turns).

pkoi the Insei (Demigod Gladiator)                  Turns: 3629, Time: 00:03:34

Health: -3/36      AC:  4    Str: 15    XL:     4   Next: 41%
Magic:  6/6        EV: 12    Int: 14    God:
Gold:   115        SH:  0    Dex: 15    Spells: 3/3 levels left

rFire   . . .      SeeInvis .     - Unarmed
rCold   . . .      Faith    .   (no shield)
rNeg    . . .      Spirit   .   a - +0 leather armour
rPois   .          Reflect  .   b - +0 helmet
rElec   .          Harm     .   (no cloak)
rCorr   .          Rampage  .   (no gloves)
Will    .....                   (no boots)
Stlth   +.........              (no amulet)
HPRegen 0.12/turn               (no ring)
MPRegen 0.10/turn               (no ring)

@: no status effects
A: high MP 1, forlorn, divine attributes
a: no special abilities


You were on level 4 of the Dungeon.
You visited 1 branch of the dungeon, and saw 4 of its levels.

You collected 115 gold pieces.

Inventory:

Missiles
 c - 3 throwing nets (quivered)
 n - 3 silver javelins
Armour
 a - a +0 leather armour (worn)
 b - a +0 helmet (worn)
Wands
 m - a wand of acid (6)
Scrolls
 e - a scroll of fog {unknown}
 g - a scroll of vulnerability {unknown}
 i - a scroll of teleportation {unknown}
 k - 2 scrolls of identify {unknown}
 l - a scroll of noise {unknown}
Potions
 d - 3 potions of brilliance {unknown}
 f - 3 potions of heal wounds {unknown}
 h - a potion of invisibility {unknown}
 j - a potion of curing {unknown}


   Skills:
 - Level 1.7 Fighting
 - Level 1.7 Throwing
 - Level 2.6 Dodging
 + Level 5.0 Unarmed Combat


You had 3 spell levels left.
You didn't know any spells.
Your spell library contained the following spells:

 Spells                   Type           Power      Damage    Failure   Level
 Summon Small Mammal      Summ           0%         N/A       34%         1
 Ensorcelled Hibernation  Hex/Ice        0%         N/A       47%         2
 Passwall                 Tmut/Erth      0%         N/A       47%         2
 Call Canine Familiar     Summ           0%         N/A       71%         3
 Summon Guardian Golem    Hex/Summ       0%         N/A       71%         3
 Swiftness                Air            0%         N/A       71%         3


Dungeon Overview and Level Annotations

Branches:
Dungeon (4/15)
 Temple: D:4-7

Shops:
D:2 (

Annotations:
D:2 1 runed translucent door, Crazy Yiuf
D:3 Grinder


Innate Abilities, Weirdness & Mutations

You have an increased reservoir of magic. (+10% MP)
You shall have no god before yourself.
Your divine heritage dramatically boosts your attributes as you level up.


Message History

You are too injured to fight recklessly!
You are too injured to fight recklessly!
You are too injured to fight recklessly!
You barely miss the orc wizard.
The orc wizard hits you with a +4 dagger.
* * * LOW HITPOINT WARNING * * *
You barely miss the orc wizard. The orc wizard barely misses you.
You hit the orc wizard.
The orc wizard is moderately wounded.
The orc wizard casts a spell at you.
You are confused.
You bump into the rock wall.
The orc wizard closely misses you.
You bump into the rock wall.
The orc wizard hits you with a +4 dagger.
* * * LOW HITPOINT WARNING * * *
You bump into the rock wall.
The orc wizard closely misses you.
You bump into the rock wall.
The orc wizard mumbles some strange words.
The orc wizard flickers and vanishes!
You miss something. Something hits you.
* * * LOW HITPOINT WARNING * * *
You bump into the rock wall.
You feel less confused. Something hits you.
* * * LOW HITPOINT WARNING * * *
You hit something. Something hits you.
* * * LOW HITPOINT WARNING * * *
You closely miss something. Something hits you.
* * * LOW HITPOINT WARNING * * *
You closely miss something. You miss something. Something hits you.
* * * LOW HITPOINT WARNING * * *
You barely miss something. Something hits you.
* * * LOW HITPOINT WARNING * * *
You hear some strange, mumbled words.
You punch something!
You hear some strange, mumbled words.
A puff of flame appears from out of thin air!
The puff of flame hits you!
You die...

.# . ##. #..
#o# #.# #{#
#@# #.# #.#
#.# #.# #.#
#.# #.# #.#
#.# ### #.#
#.# ##.##
#.# #.#
##.#.## #.#
#.###.###.##
#.###....##
##.#


You could see an orc.

Vanquished Creatures
  Jessica (D:3)
  A gnoll (D:1)
  4 adders
  A worm (D:2)
  A dart slug (D:2)
  3 orcs
  5 ball pythons
  2 endoplasms (D:2)
  A giant cockroach (D:1)
  6 hobgoblins
  2 quokkas
  3 bats (D:1)
  2 frilled lizards
  2 goblins
  5 rats
39 creatures vanquished.

Notes
Turn   | Place    | Note
-------+----------+-------------------------------------------
     0 | D:1      | pkoi the Demigod Gladiator began the quest for the Orb.
     0 | D:1      | Reached XP level 1. HP: 17/17 MP: 3/3
   250 | D:1      | Reached skill level 3 in Unarmed Combat
   533 | D:1      | Reached XP level 2. HP: 24/24 MP: 4/4
  1582 | D:2      | Found Cinoinom's Antique Weapon Shop.
  1595 | D:2      | Reached skill level 4 in Unarmed Combat
  1595 | D:2      | Reached XP level 3. HP: 17/29 MP: 5/5
  2233 | D:2      | Found a runed translucent door.
  2234 | D:2      | Noticed Crazy Yiuf
  2930 | D:3      | Reached XP level 4. HP: 36/36 MP: 6/6
  3033 | D:3      | Noticed Jessica
  3054 | D:3      | Killed Jessica
  3363 | D:3      | Reached skill level 5 in Unarmed Combat
  3392 | D:3      | Noticed Grinder
  3629 | D:4      | Killed from afar by an orc wizard

Illustrated notes

Levels and vault maps discovered:
D:1:      saegor_arrival_simple_a, layout_loops_ring
D:2:      layout_basic, serial_shops, shop, uniq_crazy_yiuf_cottage
D:3:      layout_basic, nicolae_dithmenos_shadow_blocks,
          nicolae_overflow_hidden_temple, nicolae_qazlal_style_of_elements,
          uniq_jessica, uniq_grinder
D:4:      layout_loops_ring, lemuel_round_altar, roderic_lattice_a

Skill      XL: |  1  2  3  4 |
---------------+-------------+-----
Unarmed Combat | 3 4 5 |  5.0
Fighting       | |  1.7
Throwing       | |  1.7
Dodging        | |  2.6

Action                   |  1- 3 |  4- 6 || total
-------------------------+-------+-------++-------
Melee: Unarmed           |   144 |    38 ||   182
       Punch             |     1 |     1 ||     2
 Stab: Sleeping          |     3 |     1 ||     4
Armor: Leather armour    |    33 |     2 ||    35
Dodge: Dodged            |    72 |    17 ||    89
